 Dungeon Crawl Stone Soup version 0.30-b1-2-g02819fbbbe (webtiles) character file.

Game seed: 6951926463082504413

22838 ketsa the Carver (level 12, -13/103 (106) HPs)
             Began as a Minotaur Fighter on May 10, 2023.
             Was a High Priest of Okawaru.
             Mangled by a sun demon (14 damage)
             ... summoned by an orc sorcerer
             ... led by an orc high priest
             ... while paralysed by an orc sorcerer
             ... on level 2 of the Orcish Mines.
             The game lasted 00:59:33 (16023 turns).

ketsa the Carver (Minotaur Fighter)                Turns: 16023, Time: 00:59:34

HP:   -13/103 (106) AC: 23    Str: 25    XL:     12   Next: 66%
MP:   4/15          EV:  2    Int:  4    God:    Okawaru [*****.]
Gold: 1110          SH:  0    Dex: 20    Spells: 11/11 levels left

rFire   . . .        a - +0 long sword
rCold   . . .        W - +3 buckler of Proximity {rN+}
rNeg    + . .        D - +2 chain mail {rPois}
rPois   +            (helmet unavailable)
rElec   .            z - +1 cloak {rPois}
rCorr   .            d - +0 pair of gloves
SInv    .            I - +0 pair of boots
Will    .....        (no amulet) Stlth
                     U - +6 ring of dexterity
HPRegen 0.37/turn    v - +4 ring of protection
MPRegen 0.14/turn

%: no passive effects
@: paralysed, mighty, lightly drained
A: horns 3, retaliatory headbutt, low MP 1, strong 1, MP-powered wands
a: Renounce Religion, Heroism, Finesse, Duel


You were on level 2 of the Orcish Mines.
You worshipped Okawaru.
Okawaru was extremely pleased with you.
You visited 5 branches of the dungeon, and saw 17 of its levels.
You also visited: Sewer.

You collected 1110 gold pieces.

Inventory:

Hand Weapons
 a - a +0 long sword (weapon)
 y - the +8 hammer of the Inviting Gods {pain, rN+ Str+3}
   (You took it off an orc on level 3 of the Dungeon)

   Str:       It affects your strength (+3).
   rN:        It protects you from negative energy.
 N - a +0 sling
Missiles
 e - 4 throwing nets
 m - 17 boomerangs
 n - 97 stones
 o - 12 poisoned darts (quivered)
 A - 16 atropa-tipped darts
 M - 16 silver boomerangs
 O - 6 javelins
Armour
 c - +0 acid dragon scales
 d - a +0 pair of gloves (worn)
 z - a +1 cloak of poison resistance (worn)
 D - a +2 chain mail of poison resistance (worn)
 E - the +11 crystal plate armour "Wud Geru" {rCorr}
   (Okawaru gifted it to you on level 1 of the Lair of Beasts)

   rCorr:     It protects you from acid and corrosion.
 I - a +0 pair of boots (worn)
 W - the +3 buckler of Proximity (worn) {rN+}
   (Okawaru gifted it to you on level 10 of the Dungeon)

   rN:        It protects you from negative energy.
Jewellery
 i - a ring of protection from fire
 q - a ring of see invisible
 v - a +4 ring of protection (right hand)
 B - an amulet of magic regeneration
 L - a +6 ring of intelligence
 Q - a +6 ring of strength
 S - a ring of resist corrosion
 U - a +6 ring of dexterity (left hand)
Wands
 k - a wand of digging (4)
 s - a wand of light (14)
 C - a wand of flame (28)
 J - a wand of iceblast (7)
Scrolls
 b - a scroll of magic mapping
 f - 3 scrolls of enchant weapon
 g - 3 scrolls of brand weapon
 h - 2 scrolls of poison
 j - 2 scrolls of immolation
 l - a scroll of fear
 p - 11 scrolls of teleportation
 x - 2 scrolls of noise
 H - 6 scrolls of identify
 V - a scroll of fog
Potions
 r - 2 potions of magic
 t - 6 potions of mutation
 u - a potion of haste
 w - 2 potions of attraction
 G - a potion of resistance
 K - 2 potions of might
 P - a potion of heal wounds
 R - 3 potions of curing
 T - a potion of lignification {unknown}


   Skills:
 - Level 10.0 Fighting
 - Level 14.0 Long Blades
 - Level 8.0 Throwing
 + Level 11.3 Armour
 - Level 5.0 Shields
 + Level 7.9 Invocations
 + Level 6.8 Evocations


You had 11 spell levels left.
You didn't know any spells.
Your spell library contained the following spells:

 Spells                   Type           Power      Damage    Failure   Level
 Freeze                   Ice            0%         1d3       95%         1
 Frozen Ramparts          Ice            0%         1d1       100%        3
 Hailstorm                Conj/Ice       0%         3d3       100%        3
 Anguish                  Hex/Necr       0%         N/A       100%        4
 Passage of Golubria      Tloc           0%         N/A       100%        4
 Petrify                  Tmut/Erth      0%         N/A       100%        4
 Metabolic Englaciation   Hex/Ice        0%         N/A       100%        5
 Yara's Violent Unravell  Hex/Tmut       0%         3d3       100%        5
 Statue Form              Tmut/Erth      0%         N/A       100%        6
 Enfeeble                 Hex            0%         N/A       100%        7
 Tukima's Dance           Hex            Unusable   N/A       N/A         3

Dungeon Overview and Level Annotations

Branches:
Dungeon (10/15)            Temple (1/1) D:5            Lair (3/5) D:8
 Spider (1/4) Lair:3          Orc (2/2) D:10          Sewer (visited)
  Swamp: Lair:2-3    Shoals: Lair:2-3       Elf: Orc:2

Altars:
Ashenzari
Cheibriados
Dithmenos
Elyvilon
Fedhas
Gozag
Hepliaklqana
Kikubaaqudgha
Makhleb
Nemelex Xobeh
Okawaru
Qazlal
Ru
Sif Muna
Trog
Uskayaw
Vehumet
Wu Jian
Xom
Yredelemnul
Zin
The Shining One

Annotations:
D:4 1 runed translucent door, Clive's ghost, amateur MiFi
D:5 exclusions: downstairs and 2 more exclusions
Lair:3 Gastronok
Orc:1 2 transporters, Kaxaet's ghost, journeyman MfVM


Innate Abilities, Weirdness & Mutations

You have a pair of large horns on your head.
You reflexively headbutt those who attack you in melee.
Your magical capacity is low. (-10% MP)
Your muscles are strong. (Str +4, Int/Dex -1)
You expend magic power (3 MP) to strengthen your wands.


Message History

a +0 dire flail; a +0 dire flail; an ettin corpse You start resting.
The spectator jeers loudly at you.
Okawaru bids you farewell from the Arena.
You feel much better.
You feel very mighty all of a sudden.
You start resting.
The spectator cheers noisily.
You are returned from the Arena.
Welcome back to the Orcish Mines!
There is a stone staircase leading up, spattered with blood here.
You slice the orc!!
You kill the orc!
You slice the orc priest!!
You kill the orc priest!
Okawaru accepts your kill. The orc sorcerer casts a spell at you.
The bolt of negative energy hits you! You partially resist.
You feel drained.
You hear a howl!
A warg comes into view.
The warg howls!
The orc sorcerer casts a spell.
Found 15 gold pieces.
The sun demon barely misses you.
You hit the orc sorcerer but do no damage.
The orc sorcerer casts a spell at you. The bolt of fire hits you!
* * * LOW HITPOINT WARNING * * *
The sun demon hits you but does no damage.
You slice the orc sorcerer!!
The orc sorcerer is severely wounded.
You miss the orc sorcerer. You headbutt the orc sorcerer.
The orc sorcerer is almost dead.
You block the sun demon's attack.
The orc sorcerer gestures at you while chanting.
You suddenly lose the ability to move!
The warg bites you!
* * * LOW HITPOINT WARNING * * *
The sun demon hits you!
* * * LOW HITPOINT WARNING * * *
You are engulfed in flames!
You die...

$...............
............... ##
##.............#.#
.##...........#....
...#............#.#
..................#
.........(.h3.....#
.............@o....##
...ยง#.......)....#...#
....##...............#
..........([<........#
#...........[).[.....#
$....................#
.....................#
................(....#
.....................#


You could see a sun demon (summoned), a warg and an orc sorcerer.

Vanquished Creatures
  An ettin (Arena)
  A two-headed ogre (D:9)
  An orc high priest (Arena)
  Sonja (Orc:2)
  A skyshark (shapeshifter) (D:9)
  Pikel (D:7)
  A necromancer (Lair:2)
  A cyclops (Orc:1)
  A black mamba (Lair:2)
  6 elephants (Lair:2)
  Maurice (D:8)
  4 cane toads
  An unseen horror (D:6)
  2 komodo dragons
  2 rime drakes (Lair:1)
  A troll (D:10)
  A jumping spider (Lair:3)
  Sigmund (D:3)
  2 wyverns
  A basilisk (Lair:2)
  A steam dragon (D:8)
  33 yaks
  Menkaure (D:7)
  Edmund (D:6)
  A warg (Orc:1)
  An acid dragon (D:10)
  A hell hound (Orc:1)
  7 water moccasins
  Pargi (Sewer)
  5 ice beasts
  2 black bears
  10 orc warriors
  2 wolves (Lair:1)
  6 centaurs
  2 phantoms
  3 kobold brigands (D:8)
  A lemure (D:7)
  4 necrophages (D:7)
  7 bullfrogs
  A scorpion (D:6)
  A wyvern zombie (D:7)
  2 gnoll sergeants
  10 wights
  14 killer bees
  4 howler monkeys
  A centaur zombie (D:7)
  2 bullfrog zombies (D:7)
  11 orc priests
  3 hounds
  2 jellies
  A human zombie (D:7)
  Crazy Yiuf (D:3)
  2 sleepcaps (D:6)
  2 iguanas
  16 orc wizards
  3 yak simulacra (Lair:2)
  A polar bear simulacrum (Lair:2)
  3 wolf simulacra (Lair:2)
  A mummy (D:7)
  14 gnolls
  6 adders
  A river rat (D:5)
  A white imp (D:6)
  A worm (D:4)
  56 orcs
  8 endoplasms
  4 giant cockroaches
  9 hobgoblins
  3 jackals (D:4)
  3 quokkas
  12 ball pythons
  7 bats
  2 frilled lizards (D:1)
  5 goblins
  16 kobolds
  8 rats
  4 river rat simulacra (Lair:2)
361 creatures vanquished.

Vanquished Creatures (others)
  An orc (Orc:1)
  14 fungi
  19 plants
34 creatures vanquished.

Grand Total: 395 creatures vanquished

Notes
Turn   | Place    | Note
-------+----------+-------------------------------------------
     0 | D:1      | ketsa the Minotaur Fighter began the quest for the Orb.
     0 | D:1      | Reached XP level 1. HP: 19/19 MP: 0/0
   140 | D:1      | Reached skill level 3 in Long Blades
   246 | D:1      | Reached XP level 2. HP: 26/26 MP: 1/1
   973 | D:2      | Reached skill level 4 in Long Blades
  1019 | D:2      | Found a faded altar of an unknown god.
  1134 | D:2      | Reached XP level 3. HP: 31/31 MP: 2/2
  1426 | D:3      | Noticed Sigmund
  1554 | D:3      | Reached skill level 5 in Long Blades
  1562 | D:3      | Noticed a bullfrog
  1572 | D:3      | Killed a bullfrog
  1573 | D:3      | Reached skill level 6 in Long Blades
  1573 | D:3      | Reached XP level 4. HP: 22/39 MP: 3/3
  1839 | D:3      | Killed Sigmund
  1840 | D:3      | Reached skill level 7 in Long Blades
  1840 | D:3      | Reached XP level 5. HP: 39/45 MP: 4/4
  1840 | D:3      | Reached XP level 6. HP: 44/51 MP: 5/5
  2122 | D:3      | Reached skill level 8 in Long Blades
  2324 | D:3      | Identified the +8 hammer of the Inviting Gods {pain, rN+
                  | Str+3}
  2433 | D:3      | Identified the +7 dagger of the Equinox {venom, Dex+3}
  2479 | D:3      | Found a runed translucent door.
  2480 | D:3      | Noticed Crazy Yiuf
  2487 | D:3      | Killed Crazy Yiuf
  2769 | D:4      | Reached XP level 7. HP: 28/57 MP: 6/6
  2777 | D:4      | Gained mutation: Your magical capacity is low. (-10% MP)
                  | [potion of mutation]
  2777 | D:4      | Gained mutation: Your muscles are strong. (Str +4, Int/Dex
                  | -1) [potion of mutation]
  2777 | D:4      | Gained mutation: You have hidden genetic potential. [potion
                  | of mutation]
  2778 | D:4      | HP: 1/57 [gnoll/+0 spear[a gnoll sergeant] (6)]
  3276 | D:4      | Found a runed translucent door.
  3285 | D:4      | Noticed Clive's ghost (amateur MiFi)
  3639 | D:4      | Reached skill level 9 in Long Blades
  3735 | D:5      | Entered Level 5 of the Dungeon
  3804 | D:5      | Reached skill level 5 in Armour
  3804 | D:5      | Reached skill level 5 in Shields
  3873 | D:5      | Reached XP level 8. HP: 57/66 MP: 6/6
  3895 | D:5      | Gained mutation: You expend magic power (3 MP) to
                  | strengthen your wands. [hidden potential]
  3938 | D:5      | Found a staircase to the Ecumenical Temple.
  3944 | D:5      | You fall into a shaft and drop 1 floor!
  4014 | D:6      | Found a white marble altar of Elyvilon.
  4015 | D:6      | Found a sacrificial altar of Ru.
  4015 | D:6      | Found a blossoming altar of Fedhas.
  4016 | D:6      | Found a shimmering altar of Xom.
  4016 | D:6      | Noticed an unseen horror
  4048 | D:6      | Killed an unseen horror
  4049 | D:6      | Reached skill level 10 in Long Blades
  4049 | D:6      | Reached skill level 1 in Evocations
  4251 | D:6      | Reached skill level 5 in Fighting
  4292 | D:5      | Found a glowing drain.
  4318 | Sewer    | Entered a sewer
  4339 | Sewer    | Noticed Pargi
  4350 | Sewer    | Killed Pargi
  4426 | Temple   | Entered the Ecumenical Temple
  4672 | Temple   | Became a worshipper of Warmaster Okawaru
  4813 | D:5      | Found a hazy altar of Hepliaklqana.
  5000 | D:5      | Reached skill level 11 in Long Blades
  5243 | D:5      | Reached XP level 9. HP: 62/74 MP: 7/7
  5297 | D:5      | Reached * piety under Okawaru
  5307 | D:5      | Gained mutation: You have a pair of large horns on your
                  | head. [hidden potential]
  5307 | D:5      | Lost mutation: You have hidden genetic potential. [hidden
                  | potential expressed]
  5494 | D:6      | Noticed Edmund
  5527 | D:6      | Killed Edmund
  6191 | D:6      | Found an ornate altar of the Wu Jian Council.
  6324 | D:7      | Reached skill level 1 in Invocations
  6338 | D:7      | Reached ** piety under Okawaru
  6788 | D:7      | Noticed Menkaure
  7029 | D:8      | Found a radiant altar of Vehumet.
  7107 | D:7      | Noticed Pikel
  7137 | D:7      | Killed Pikel
  7137 | D:7      | Reached *** piety under Okawaru
  7138 | D:7      | Reached skill level 12 in Long Blades
  7373 | D:7      | Reached XP level 10. HP: 85/86 MP: 10/10
  7604 | D:7      | Found an ancient bone altar of Kikubaaqudgha.
  7745 | D:7      | Killed Menkaure
  8296 | D:8      | Noticed Maurice
  8328 | D:8      | Killed Maurice
  8674 | D:8      | Found a staircase to the Lair.
  8700 | D:8      | Reached **** piety under Okawaru
  8855 | D:8      | Reached skill level 13 in Long Blades
  9405 | D:9      | Noticed a two-headed ogre
  9420 | D:9      | Killed a two-headed ogre
  9420 | D:9      | Received a gift from Okawaru
  9421 | D:9      | Reached skill level 5 in Evocations
  9844 | D:9      | Reached skill level 1 in Throwing
  9889 | D:9      | Reached XP level 11. HP: 30/95 MP: 6/12
 10245 | D:9      | Noticed a fire crab
 10250 | D:9      | Noticed a lindwurm
 10358 | Lair:1   | Entered Level 1 of the Lair of Beasts
 10365 | Lair:1   | Reached ***** piety under Okawaru
 10366 | Lair:1   | Reached skill level 5 in Invocations
 10387 | Lair:1   | Reached skill level 14 in Long Blades
 10626 | Lair:1   | Identified the +11 crystal plate armour "Wud Geru" {rCorr}
                  | (Okawaru gifted it to you on level 1 of the Lair of Beasts)
 10626 | Lair:1   | Received a gift from Okawaru
 10642 | Lair:1   | Reached skill level 5 in Throwing
 11144 | Lair:1   | Identified the +7 spear "Voyn" {heavy, rF+}
 12958 | Lair:2   | Reached XP level 12. HP: 106/106 MP: 13/13
 13056 | Lair:2   | Noticed a five-headed hydra
 13267 | Lair:3   | Found a hole to the Spider Nest.
 13294 | Spider:1 | Entered Level 1 of the Spider Nest
 13297 | Lair:3   | Noticed Gastronok
 13607 | Lair:2   | Reached skill level 10 in Fighting
 13607 | Lair:2   | Reached skill level 10 in Armour
 14379 | D:10     | Entered Level 10 of the Dungeon
 14647 | D:10     | Received a gift from Okawaru
 14919 | D:10     | Found a staircase to the Orcish Mines.
 15018 | D:10     | Identified the +3 buckler of Proximity {rN+} (Okawaru
                  | gifted it to you on level 10 of the Dungeon)
 15018 | D:10     | Received a gift from Okawaru
 15271 | Orc:1    | Entered Level 1 of the Orcish Mines
 15417 | Orc:1    | Noticed a two-headed ogre
 15417 | Orc:1    | Noticed Kaxaet's ghost (journeyman MfVM)
 15417 | Orc:1    | Noticed a two-headed ogre
 15545 | Orc:1    | Found a transporter.
 15546 | Orc:1    | Noticed an orc warlord
 15550 | Orc:1    | Found a bloodstained altar of Trog.
 15568 | Orc:1    | Found a transporter.
 15637 | Orc:2    | Entered Level 2 of the Orcish Mines
 15761 | Orc:2    | Noticed Sonja
 15772 | Orc:2    | Noticed an orc high priest
 15777 | Orc:2    | Killed Sonja
 15868 | Orc:2    | Noticed an ettin
 15872 | Arena    | Entered the Arena
 15881 | Arena    | Killed an orc high priest
 15985 | Orc:2    | Paralysed by an orc sorcerer for 3 turns
 15989 | Arena    | Entered the Arena
 15994 | Arena    | Killed an ettin
 16022 | Orc:2    | Paralysed by an orc sorcerer for 5 turns
 16023 | Orc:2    | HP: 1/103 [sun demon[an orc high priest] (16)]
 16023 | Orc:2    | Mangled by a sun demon

Illustrated notes

Levels and vault maps discovered:
D:1:      lemuel_arrival_cross, layout_basic
D:2:      cheibrodos_old_hovel, layout_basic, ebering_ecumenical_altar_webs,
          minmay_bisected
D:3:      layout_loops_cross, uniq_sigmund, uniq_crazy_yiuf_cottage
D:4:      layout_basic, ebering_ghost_sewer_d
D:5:      layout_rooms, mainiacjoe_overflow_boulevard,
          minmay_temple_entry_sparse_star, portal_sewer_entry_b,
          serial_aquarium, aquarium_bridge_square [aquarium_subvault_bridge,
          aquarium_subvault_window, aquarium_subvault_window,
          aquarium_subvault_wall], aquarium_window_corner, aquarium_window_2,
          aquarium_view_2b, aquarium_view_2b
D:6:      layout_rooms, nzn_wu_jian_council_hall,
          chequers_temple_overflow_statue_of_worship, grunt_ministairs_12,
          uniq_edmund
D:7:      layout_layer_cave, lemuel_mausoleum_altar_kikubaaqudgha,
          hangedman_decor_points, roderic_lattice_a, uniq_menkaure, uniq_pikel
D:8:      layout_basic, vehumet_altar_wand_db, lair_entry_dummy,
          minmay_unpleasant_kobolds, uniq_maurice
D:9:      layout_cave_pools, minmay_misc_feat_five, kennysheep_nub
D:10:     layout_roguey, orc_0_dummy
Temple:   dpeg_chambers_temple
Lair:1:   layout_roguey, enter_volcano_2, beast_lair_carwin_6,
          serial_bayou_shore_b, serial_bayou_shore_b
Lair:2:   layout_regular_city, eino_house_with_fridge
Lair:3:   layout_regular_city, palyth_hydra_swamp_entry,
          spider_nest_entry_rubble, nzn_sisyphean_effort, uniq_gastronok
Spider:1: layout_spider_delve, gammafunk_ghost_arena
Orc:1:    layout_caves, gammafunk_ghost_wrathful_warriors, uniq_nergalle
Orc:2:    st_orc_elflike, layout_caves, mines3_lemuel, uniq_sonja, uniq_azrael

Skill      XL: |  1  2  3  4  5  6  7  8  9 10 11 12 |
---------------+-------------------------------------+-----
Long Blades    | 3 4 6 7 8 9 11 12 13 14 | 14.0
Armour         | 4 5 6 8 9 11 | 11.3
Shields        | 4 5 |  5.0
Fighting       | 4 5 7 8 9 10 | 10.0
Evocations     | 2 4 5 6 |  6.8
Invocations    | 2 4 5 7 |  7.9
Throwing       | 1 8 |  8.0

Action                     |  1- 3 |  4- 6 |  7- 9 | 10-12 || total
---------------------------+-------+-------+-------+-------++-------
  Melee: Long sword        |    84 |    89 |   402 |   855 ||  1430
         Headbutt          |     7 |    18 |    82 |   238 ||   345
  Throw: Boomerang         |       |     2 |    15 |     3 ||    20
         Dart              |       |       |    10 |    16 ||    26
         Stone             |       |       |       |     3 ||     3
 Invoke: Heroism           |       |       |       |     5 ||     5
         Finesse           |       |       |       |     3 ||     3
         Duel              |       |       |       |     2 ||     2
  Evoke: Wand              |       |       |     2 |    11 ||    13
    Use: Potion            |       |     1 |     4 |     5 ||    10
         Scroll            |       |       |    14 |     3 ||    17
   Stab: Paralysed         |       |       |       |     3 ||     3
 Armour: Scale mail        |    26 |    42 |   166 |   102 ||   336
         Chain mail        |       |       |       |   303 ||   303
  Dodge: Dodged            |    37 |    43 |   148 |   263 ||   491
  Block: Buckler           |    23 |    21 |    76 |   179 ||   299
